[Event "Icelandic Chess-ch 2023"]
[Site "Hafnarfjordur"]
[Date "2023.05.17"]
[Round "3.4"]
[White "Heimisson, Hilmir Freyr"]
[Black "Ragnarsson, Dagur"]
[Result "1/2-1/2"]
[ECO "C71"]
[WhiteElo "2353"]
[BlackElo "2346"]
[Annotator "TA"]
[PlyCount "118"]
[EventDate "2023.05.13"]
[EventType "tourn"]
[EventCountry "ISL"]
[SourceTitle "playchess.com"]
[Source "ChessBase"]
[SourceQuality "1"]
[TimeControl "40/5400+30:1800+30"]

1. e4 e5 2. Nf3 Nc6 3. Bb5 a6 4. Ba4 d6 5. d4 b5 6. Bb3 Nxd4 7. Nxd4 exd4 8. c3 dxc3 9. Qh5 {[%emt 0:14:22][%csl Gb3][%cal Rh5f7] [#] C71: Ruy Lopez: Deferred Steinitz Variation, sidelines.} (9. Qd5 $5 Be6 $8 10. Qc6+ Bd7 11. Qd5 $11) 9... g6 10. Qd5 Be6 11. Qc6+ Bd7 12. Qxc3 (12. Qd5 $11 Be6 13. Qc6+ Bd7 14. Qd5 Be6) 12... Qf6 {[%emt 0:03:02] [#]} 13. Qa5 $146 ({Predecessor:} 13. a4 bxa4 14. Bxa4 Qxc3+ 15. Nxc3 Ne7 16. Bb5 Bxb5 17. Nxb5 Kd7 18. Bg5 Bg7 19. Nc3 {0-1 Ertan,C (2400)-Souleidis,G (2427) Lueneburg IM 2019 (5)}) 13... Bg7 14. Nc3 Qd8 15. a4 bxa4 16. Bxa4 Ne7 17. Bg5 f6 (17... Bxa4 $15 {is more appropriate.} 18. Rxa4 (18. Qxa4+ Qd7 $15) 18... O-O) 18. Be3 O-O 19. O-O Bxa4 20. Qxa4 Kh8 21. Qc4 Qc8 22. Rfc1 {[%emt 0:06:09][%mdl 1024] White has compensation.} Qb7 23. h4 c6 24. Qe6 d5 25. Bc5 {[%emt 0:00:56] Black is weak on the dark squares} Rae8 {[%emt 0:00:16][%cal Oe7f5] ...Nf5! would be deadly.} 26. Qh3 $36 {[%emt 0:00:23][%mdl 2048] Inhibits Nf5. White fights for an advantage.} f5 27. exd5 cxd5 28. h5 (28. Qd3 {is superior.}) 28... gxh5 $11 29. Ne2 f4 (29... Bxb2 $2 30. Rab1 Kg8 31. Rc2 $18) ({Better is} 29... Rg8 $11) 30. Nd4 $14 Rg8 (30... Qxb2 $2 31. Rab1 Bxd4 32. Rxb2 Bxb2 33. Re1 $18) 31. Qxh5 {[%emt 0:02:12] aiming for Ne6.} Ng6 {[%emt 0:02:57] [#]} (31... Bf6 $14) 32. Nf3 {[%emt 0:00:08] White is more active.} ({Only move:} 32. Nf5 $1 $16 ) 32... Bf6 $11 (32... Qxb2 $2 33. Ng5 $18) (32... Bxb2 $2 33. Rab1 Qg7 34. Rxb2 $18) 33. Rd1 Ne5 {[%emt 0:00:35] Hoping for ...d4.} (33... Bxb2 34. Rab1 (34. Qxd5 $2 Qxd5 35. Rxd5 Bxa1 $19) 34... Qc7 35. Rxd5 $18 (35. Qxd5 Rd8 $16) (35. Rxb2 Qxc5 36. Rb7 Re7 $14)) 34. Re1 $2 {[%emt 0:02:39][%mdl 8192] Prevents d4} (34. Ne1 $15) 34... Qg7 $19 ({Stronger than} 34... Qxb2 35. Rad1 Nxf3+ 36. Qxf3 $17) 35. Qh3 Nd3 $2 ({Black should try} 35... Qxg2+ $1 $19 36. Qxg2 Nxf3+ {[%mdl 64] Discovered Attack} 37. Kh1 Rxe1+ 38. Rxe1 Rxg2 39. Re8+ Rg8) 36. Rxe8 $11 Rxe8 37. Bb6 Qb7 38. Qf5 Qxb6 (38... Nxb2 $2 39. Qxf6+ Qg7 40. Qc6 $18) 39. Qxd3 a5 40. Rd1 Qxb2 41. Rb1 $1 Qe2 42. Qxd5 Qe4 43. Qb5 (43. Qa2 $11) 43... Rg8 44. Rb3 a4 45. Ra3 $1 Ra8 (45... Bd4 {feels hotter.} 46. Rd3 Qg6 47. Ne1 Qe8) 46. Kh2 Be7 47. Nd2 Qd4 48. Rd3 (48. Nf3 $11 Qe4 49. Nd2) 48... Qc5 (48... Qxf2 $2 49. Qe5+ Kg8 50. Qxe7 $18) (48... Qg7 $15 {should be considered.} 49. Qc6 Rg8) 49. Qb7 {[%emt 0:00:58] The position is equal.} Rd8 50. Qb2+ Kg8 51. Ne4 Qc6 52. Rxd8+ Bxd8 {[%emt 0:00:05][%mdl 4096] Endgame KQB-KQN} 53. Qb4 a3 {[%emt 0:02:14] Threatens to win with ...a2.} 54. Nd6 Qd5 {[%emt 0:01:10] Prevents Qb3. Strongly threatening ...Be7.} (54... a2 $2 55. Qb3+ (55. Qxf4 $2 {loses.} Qd5 $19) 55... Kg7 56. Qf7+ Kh6 57. Qxf4+ Kg7 58. Qf7+ Kh6 59. Nf5+ Kg5 60. f4+ {[%mdl 64] Decoy, Promotion} (60. Qxh7 $2 a1=Q $19) 60... Kxf4 61. Ne7+ {[%mdl 64] Discovered Attack} (61. Qxh7 $2 {perishes.} a1=Q $19) 61... Ke3 62. Nxc6 $18) (54... Bc7 $5 55. Qb3+ $8 Kh8 $11) 55. Qb8 Qh5+ 56. Kg1 Qd1+ 57. Kh2 Qh5+ 58. Kg1 Qd1+ 59. Kh2 Qh5+ {[%emt 0:00:06] Weighted Error Value: White=0.28 (precise) /Black=0.19 (very precise)} 1/2-1/2

[Event "Icelandic Chess-ch 2023"]
[Site "Hafnarfjordur"]
[Date "2023.05.17"]
[Round "3.5"]
[White "Gretarsson, Hjorvar Steinn"]
[Black "Kjartansson, Gudmundur"]
[Result "0-1"]
[ECO "C65"]
[WhiteElo "2539"]
[BlackElo "2402"]
[Annotator "TA"]
[PlyCount "138"]
[EventDate "2023.05.13"]
[EventType "tourn"]
[EventCountry "ISL"]
[SourceTitle "playchess.com"]
[Source "ChessBase"]
[SourceQuality "1"]
[TimeControl "40/5400+30:1800+30"]

1. e4 e5 2. Nf3 Nc6 3. Bb5 Nf6 4. d3 Bc5 5. O-O Nd4 6. Nxd4 Bxd4 7. c3 {[%emt 0:00:08] C65: Ruy Lopez: Berlin Defence (3...Nf6), unusual lines and 4 0-0 Bc5.} Bb6 8. Ba4 {[%emt 0:00:05] 8.Na3 gains popularity.} O-O 9. Bg5 {[%emt 0:02:15] The position is equal.} h6 10. Bh4 d6 11. Nd2 g5 12. Bg3 Bg4 13. Qe1 Nh5 14. Kh1 Be6 15. Bb3 Qd7 {[%emt 0:02:27] [#]} 16. f3 $146 ({Predecessor:} 16. Qe2 Bg4 17. f3 Be6 18. Nc4 Kg7 19. Nxb6 axb6 20. d4 Bxb3 21. axb3 f6 22. Bf2 {1-0 So,W (2760)-Vidit,S (2722) Tata Steel India rapid 2019 (5)}) 16... f5 17. exf5 {[%emt 0:05:12][%mdl 64] Pin} Bxb3 18. axb3 Qxf5 19. Qe4 c6 (19... Qf7 $5 20. Qg4 Qg6 $15) 20. Qxf5 Rxf5 21. Nc4 {[%emt 0:02:02] Nxb6 is the strong threat.} Bc7 22. Bf2 Nf4 23. Rxa7 Rxa7 24. Bxa7 Rf8 25. Be3 Nxd3 26. Rd1 Nf4 (26... e4 $5 27. fxe4 b5 $11) 27. Bb6 $1 (27. Nxd6 $2 Rd8 28. Bc5 Ne6 $19) 27... Bxb6 28. Nxb6 $11 {[%emt 0:00:02][%mdl 4096] Endgame KRN-KRN} d5 {[%emt 0:00:38] Prevents Nc4} 29. Nd7 Rf5 30. g4 Rf7 31. Nxe5 Re7 32. Re1 Kg7 {[%emt 0:02:27] White must now prevent ...Kf6.} 33. Nd3 $1 {[%emt 0:00:05][%mdl 64] Discovered Attack} Rxe1+ 34. Nxe1 {[%emt 0:00:04] KN-KN} Kf6 35. Kg1 Ke5 {[%emt 0:00:39][%mdl 1024] Black has compensation.} 36. Kf2 d4 37. Nc2 (37. cxd4+ $11 {remains equal.} Kxd4 38. Kg3) 37... d3 ({Better is} 37... Nd3+ $1 $17 38. Kf1 c5) 38. Ne3 Nh3+ 39. Kg3 {[%emt 0:00:25] And now Nc4+ would win.} Nf4 40. Kf2 Nh3+ 41. Kg3 b5 42. b4 (42. Kxh3 $2 Kf4 43. Nf1 Kxf3 $19) 42... Nf4 43. Nf1 Nd5 44. Kf2 Nb6 {[%emt 0:07:53] [#]} (44... Kf4 $11) 45. Ne3 $1 $16 ({But not} 45. Ke3 $6 Nc4+ 46. Kxd3 Nxb2+ 47. Ke2 Na4 $11) 45... Nc4 $2 (45... Na4 $16) 46. b3 $2 (46. Nxc4+ $18 bxc4 47. Ke3) 46... Nd2 $11 47. Nd1 Kf4 ({Don't do} 47... Nxb3 48. Ke3 $14) 48. Nb2 Nxf3 {[%emt 0:00:03] ...Ke4 would be deadly.} 49. Nxd3+ Ke4 $1 50. Nc5+ Kf4 51. Ne6+ Kxg4 52. h3+ Kf5 $1 53. Nd8 Ne5 54. Kg3 h5 55. c4 h4+ 56. Kg2 g4 57. hxg4+ Kxg4 58. Nxc6 $2 h3+ {[%emt 0:00:33] Black mates.} 59. Kh2 Nxc6 60. cxb5 {[%emt 0:00:01] [#] KN-K3P} Nd8 $1 ({Weaker is} 60... Nxb4 61. b6 $11) 61. b6 Nb7 62. b5 Kh4 63. Kh1 Kg3 64. b4 Nd6 65. b7 Nxb7 66. b6 Nd6 67. b7 Nxb7 68. b5 Nd6 69. b6 Ne4 {[%emt 0:00:34] What a bad dream for White.   Weighted Error Value: White=0.29 (precise) /Black=0.09 (flawless)} 0-1

[Event "Icelandic Chess-ch 2023"]
[Site "Hafnarfjordur"]
[Date "2023.05.17"]
[Round "3.6"]
[White "Hjartarson, Johann"]
[Black "Stefansson, Vignir Vatnar"]
[Result "0-1"]
[ECO "D35"]
[WhiteElo "2466"]
[BlackElo "2470"]
[Annotator "TA"]
[PlyCount "86"]
[EventDate "2023.05.13"]
[EventType "tourn"]
[EventCountry "ISL"]
[SourceTitle "playchess.com"]
[Source "ChessBase"]
[SourceQuality "1"]
[TimeControl "40/5400+30:1800+30"]

1. c4 e6 2. Nc3 d5 3. d4 Nf6 4. cxd5 exd5 5. Bg5 c6 6. e3 Bd6 7. Bd3 O-O 8. Qc2 h6 9. Bh4 Re8 10. Nf3 Be6 {[%emt 0:01:17] D35: Queen's Gambit Declined: Exchange Variation.} 11. O-O Nbd7 {[%emt 0:00:06] Repels Ne5} 12. Rab1 a5 {[%emt 0:00:12] The position is equal.} 13. Rfe1 Qb8 14. Bg3 Bxg3 15. hxg3 Qd6 16. Rbc1 Rac8 17. a3 {[%emt 0:00:45] [#]} b5 $146 ({Predecessor:} 17... b6 18. Red1 Bg4 19. Rd2 g5 20. e4 dxe4 21. Nxe4 Nxe4 22. Bxe4 Be6 23. Qd3 Nf6 {0-1 Zatonskih,A (2348)-Stefansson,V (2466) Kragero op 2023 (9)}) 18. Ne2 Bg4 19. Nd2 Bxe2 20. Bxe2 a4 21. Bd3 Nb6 22. Nb1 Ne4 23. Bxe4 (23. Nc3 {keeps more tension.} f5 24. g4 Nxc3 25. Qxc3 fxg4 26. Bf5) 23... Rxe4 24. Nd2 Ree8 25. Qc5 Qc7 26. e4 dxe4 27. Rxe4 Rxe4 28. Nxe4 Nc4 {[%emt 0:01:01] Dodges Nd6} 29. Nc3 Qb6 30. Nxa4 {[%emt 0:01:29][%mdl 64] [#] Deflection} Qxc5 31. dxc5 $11 {[%emt 0:00:55][%mdl 4096] Endgame KRN-KRN} Rd8 32. Rc2 Rd1+ 33. Kh2 Rb1 34. g4 g5 35. g3 Kg7 36. Kg2 {[%emt 0:00:16] [#]} (36. Kh3 $11) 36... Kf6 $1 $17 {[%emt 0:02:03] Black is more active.} 37. Nb6 {[%emt 0:05:45] aiming for a4.} Rxb2 38. Rxb2 {[%emt 0:00:59] This move loses the game for White.} (38. Rc3 $17) 38... Nxb2 {[%emt 0:00:06] KN-KN} 39. f4 Nd3 40. Nd7+ (40. Nc8 $142 Ke6 41. Nd6) 40... Ke6 $19 {[%emt 0:00:22] Black is clearly winning.} 41. Nb8 Kd5 ({Worse is} 41... Nxc5 42. Nxc6 Kd5 43. Ne7+ Ke4 44. Nf5 $11) 42. fxg5 hxg5 (42... Nxc5 $2 43. gxh6 Nd3 44. h7 $18) 43. Na6 Ne5 {[%emt 0:02:23] Weighted Error Value: White=0.36/Black=0.04 (flawless)} 0-1

[Event "Icelandic Chess-ch 2023"]
[Site "Hafnarfjordur"]
[Date "2023.05.18"]
[Round "4.1"]
[White "Ptacnikova, Lenka"]
[Black "Stefansson, Vignir Vatnar"]
[Result "0-1"]
[ECO "A13"]
[WhiteElo "2099"]
[BlackElo "2470"]
[Annotator "TA"]
[PlyCount "104"]
[EventDate "2023.05.13"]
[EventType "tourn"]
[EventCountry "ISL"]
[SourceTitle "playchess.com"]
[Source "ChessBase"]
[SourceQuality "1"]
[TimeControl "40/5400+30:1800+30"]

1. c4 e6 2. g3 d5 3. Bg2 Nf6 4. Nf3 dxc4 5. Qa4+ Nbd7 6. O-O a6 7. Qxc4 b5 8. Qb3 {[%emt 0:00:19][%cal Of3e5] A13: English Opening: 1...e6.} Bb7 9. d4 c5 10. dxc5 {[%emt 0:02:56] [#] Black is slightly better.} Rc8 $146 ({Predecessor:} 10... Nxc5 11. Qd1 Bd6 12. Nc3 O-O 13. Bg5 Be7 14. Qxd8 Rfxd8 15. Rac1 Rac8 16. Ne5 Bxg2 17. Kxg2 {½-½ Fierro Baquero,M (2381)-Prohaszka,P (2547) Porto San Giorgio op 23rd 2011 (7)}) 11. Nc3 Nxc5 12. Qd1 Qxd1 (12... Ncd7 $15 {was preferrable.}) 13. Nxd1 {[%emt 0:06:02] White is weak on the light squares} (13. Rxd1 $11 Be7 14. Be3) 13... Bd6 14. Bf4 (14. Be3 $11) 14... Bxf4 $17 15. gxf4 Nd5 16. e3 Ke7 17. Nd4 Rhd8 {[%emt 0:00:19][%cal Od5f4] ...Nxf4! would be deadly.} 18. Bxd5 Bxd5 19. Nc3 Nd3 20. Rab1 Bb7 21. Nce2 Be4 22. Ng3 (22. Rfd1 $15) 22... Bg6 {[%emt 0:05:35] Black is more active.} (22... Rxd4 $17 23. exd4 Bf3) 23. f5 $15 exf5 $40 {[%emt 0:00:11][%mdl 128] Black attacks.} 24. Ngxf5+ Kf6 (24... Kf8 $5 ) 25. Ng3 Nb4 26. Ra1 (26. Rbd1 $11) 26... Nc2 $17 27. Nxc2 Rxc2 28. Rfc1 (28. Rfd1 $17 {is a better defense.} Rxd1+ 29. Rxd1) 28... Rdd2 (28... Rxb2 $19 {has better winning chances. Threatens to win with ...Rdd2.} 29. Rc6+ Kg5) 29. Rxc2 Rxc2 {[%emt 0:00:06][%mdl 4096] Endgame KRB-KRN} 30. b4 Rb2 31. a3 Ke6 32. Rc1 Rc2 {[%emt 0:00:58] Inhibits Rc6+.} (32... Bc2 $1 $17) 33. Rxc2 $11 Bxc2 {[%emt 0:00:08] KB-KN} 34. Nf1 $1 g5 (34... Kf5 $5 ) 35. Nd2 Kd5 36. Kg2 h5 37. Kg3 (37. h4 $5 ) 37... h4+ 38. Kg2 f5 39. Kf1 h3 40. Kg1 (40. Ke2 $11) 40... Bd1 ({Better is} 40... Bd3 $17) 41. Kf1 f4 42. Ke1 {[%emt 0:00:34] Repels f3} Bc2 43. Ke2 g4 44. Kf1 (44. exf4 $11 Kd4 45. Ke1) 44... Ke5 ({Black should try} 44... Bd3+ $17 45. Kg1 f3) 45. Kg1 (45. exf4+ $11 {remains equal.} Kxf4 46. Ke2) 45... Kf5 46. Kf1 Be4 (46... f3 $15) 47. exf4 $1 Bd3+ 48. Kg1 $1 Kxf4 {[%emt 0:00:00] Strongly threatening ...Bc4.} 49. Nb3 $1 Bf5 {[%emt 0:00:00] And now ...Be6 would win.} 50. Nc5 {[%emt 0:00:00] Inhibits Be6.} (50. Kf1 $1 $15) 50... Bc8 $1 $19 {[%emt 0:00:00] Black is clearly better.} 51. Kf1 {[%emt 0:00:00] [#]} Ke5 $1 52. Nb3 {[%emt 0:00:00] [#]} Kd5 $1 {[%emt 0:00:00] Weighted Error Value: White=0.22 (precise) /Black=0.17 (very precise)} 0-1

[Event "Icelandic Chess-ch 2023"]
[Site "Hafnarfjordur"]
[Date "2023.05.18"]
[Round "4.2"]
[White "Kjartansson, Gudmundur"]
[Black "Hjartarson, Johann"]
[Result "1-0"]
[ECO "A30"]
[WhiteElo "2402"]
[BlackElo "2466"]
[Annotator "TA"]
[PlyCount "105"]
[EventDate "2023.05.13"]
[EventType "tourn"]
[EventCountry "ISL"]
[SourceTitle "playchess.com"]
[Source "ChessBase"]
[SourceQuality "1"]
[TimeControl "40/5400+30:1800+30"]

1. Nf3 Nf6 2. c4 c5 3. Nc3 e6 4. g3 b6 5. Bg2 Bb7 6. O-O Be7 7. d4 cxd4 8. Qxd4 d6 9. Rd1 O-O 10. Bg5 Nbd7 11. Nb5 d5 12. cxd5 exd5 {[%emt 0:01:34] A30: Symmetrical English: Double Fianchetto and Hedgehog.} 13. Nc3 h6 {[%emt 0:04:09] [#]} 14. Be3 $146 ({Predecessor:} 14. Bf4 Bc5 15. Qd3 Re8 16. Nd4 a6 17. Rac1 Ne5 18. Bxe5 Rxe5 19. e3 Qd7 20. Nde2 {½-½ Ibarra Jerez,J (2561)-Martinez Alcantara,J (2620) Iberoamericano Chess24 blitz 2020 (3.7)}) 14... Re8 {[%emt 0:04:13] The position is equal.} 15. Qd3 Nc5 16. Qf5 g6 17. Qc2 Bf8 18. Bd4 Bg7 19. e3 Qe7 20. Bxf6 Qxf6 21. Nd4 Ne4 22. Rac1 a6 {[%emt 0:06:56] Inhibits Ndb5.} 23. Bh3 Re7 24. Nxe4 dxe4 25. b4 h5 26. a4 h4 27. Nc6 Rc7 28. b5 axb5 29. axb5 hxg3 30. hxg3 Qb2 31. Bd7 (31. Qc4 $16) 31... Qxc2 $1 $11 (31... Qxb5 $2 32. Ne7+ (32. Qxe4 Qh5 $15) 32... Kh7 33. Qxc7 $18) 32. Rxc2 {[%emt 0:00:00] Black must now prevent Ne7+.} Kf8 {[%emt 0:00:29] Wards off Ne7} 33. Kg2 Bf6 34. Rc4 Kg7 {[%emt 0:01:58] [#]} (34... Ra1 $11 35. Rd2 Be7) 35. Na5 $1 $16 {[%emt 0:03:32][%mdl 576] Discovered Attack. White is more active.} Rxc4 (35... Rcc8 36. Rxc8) 36. Nxc4 {[%emt 0:00:00][%cal Oc4d6] Nd6! is the strong threat.} Ra2 37. Nd6 Bg5 38. Nxb7 (38. Kg1 $16 Ba8 39. Nc8) 38... Bxe3 $14 39. Rf1 {[%emt 0:00:23] aiming for Nd6.} Bd4 (39... Rd2 $1 $14) 40. Kg1 (40. Nd6 $18) 40... Rd2 {[%emt 0:00:31][%cal Od4f2] ...Bxf2+! would be deadly.} 41. Bc6 f5 42. Nd6 Rc2 {[%emt 0:04:27] [#]} (42... Kh6 $14) 43. Ne8+ $1 $16 Kh6 $2 {[%emt 0:06:11] [#]} (43... Kf7 $16 {was necessary.} 44. Nc7 Kf6 45. Nd5+ Ke5) 44. Nc7 $1 $18 e3 45. Ne6 Be5 46. fxe3 Bxg3 47. Rf3 Bh4 48. e4 fxe4 49. Bxe4 ({Not} 49. Rh3 g5 50. Bxe4 Re2 $18) 49... Re2 50. Rf4 ({Resist} 50. Bd5 Re1+ 51. Kg2 Re2+ 52. Kh3 Be7 $18) 50... Bg5 (50... Be7 51. Kf1 Ra2) 51. Rg4 Be3+ 52. Kf1 Rf2+ 53. Ke1 {[%emt 0:00:02] Weighted Error Value: White=0.14 (very precise) /Black=0.37} 1-0

[Event "Icelandic Chess-ch 2023"]
[Site "Hafnarfjordur"]
[Date "2023.05.18"]
[Round "4.3"]
[White "Ragnarsson, Dagur"]
[Black "Gretarsson, Hjorvar Steinn"]
[Result "1/2-1/2"]
[ECO "A13"]
[WhiteElo "2346"]
[BlackElo "2539"]
[Annotator "TA"]
[PlyCount "110"]
[EventDate "2023.05.13"]
[EventType "tourn"]
[EventCountry "ISL"]
[SourceTitle "playchess.com"]
[Source "ChessBase"]
[SourceQuality "1"]
[TimeControl "40/5400+30:1800+30"]

1. c4 e6 2. g3 d5 3. Bg2 Nf6 4. Nf3 dxc4 5. Qa4+ Bd7 6. Qxc4 {[%emt 0:00:05] A13: English Opening: 1...e6.} c5 7. d4 b5 8. Qc2 Na6 9. dxc5 Rc8 ({Don't play} 9... Nxc5 10. O-O $14) (9... Bxc5 {looks sharper.} 10. Ne5 Rc8 11. Qd1 Nb8) 10. O-O (10. Qd1 {seems wilder.} Bxc5 11. Ne5 Nb8 12. O-O) 10... Bxc5 11. Qd1 {[%emt 0:03:06] [#]} b4 $146 ({Predecessor:} 11... O-O 12. Nbd2 Nb4 13. a3 Nc2 14. Ra2 Bb6 15. b4 Qc7 16. Nb3 Nd5 17. Nc5 Bxc5 18. bxc5 Qxc5 {0-1 Vishnu,P (2505)-Oparin,G (2660) Titled Tuesday intern op 2nd July blitz 2019 (4)}) 12. a4 (12. Ne5 {with more complications.} Nb8 13. a3 bxa3 14. Nxa3 O-O 15. e3) 12... Bc6 13. Qxd8+ Kxd8 14. Nbd2 Ke7 15. Ne5 Bd5 16. Nd3 Rhd8 17. Bxd5 Nxd5 18. Nb3 Bd6 19. Bd2 e5 20. f3 Nb6 (20... Rc2 $5 ) 21. Rfc1 {[%emt 0:07:26] Wards off Nc5} Nc4 {[%emt 0:03:57] Repels Na5} 22. Be1 f5 (22... Rc7 $11) 23. g4 $16 {[%emt 0:07:03] [#] Hoping for Bh4+.} Ke6 24. gxf5+ Kxf5 25. Bf2 Rd7 26. Nd2 (26. Na5 {simplifies} Rdc7 27. Nxc4 Rxc4 28. e4+) 26... Rdc7 27. Nxc4 Rxc4 28. Rxc4 Rxc4 29. Bxa7 b3 30. Rc1 Rxa4 31. Rc6 Ke6 32. Rb6 {[%emt 0:09:02] White is more active.} Kd7 33. Rxb3 e4 34. fxe4 Rxe4 35. Kf1 Rh4 {[%emt 0:01:43] [#]} 36. h3 $1 Nc7 37. Bf2 Rh5 38. e4 Ne6 39. Kg2 (39. Rb7+ $16 Bc7 40. h4) 39... Rg5+ $1 $11 40. Kf3 Ra5 (40... Rh5 $11) 41. h4 $16 h5 42. Rb7+ Kc6 43. Rb6+ Kd7 44. Bg3 (44. Ke3 $14) 44... Bxg3 $1 $11 45. Kxg3 {[%emt 0:00:00][%mdl 4096] Endgame KRN-KRN} g5 {[%emt 0:00:00] Dodges Nf4} 46. Rb7+ Kd6 47. hxg5 Rxg5+ {[%emt 0:00:00] The position is equal.} 48. Kf2 h4 49. Rh7 Rg4 50. Rh6 Rxe4 51. Kf3 Rc4 52. Ke3 Kd5 53. Rh5+ Kd6 54. Rh6 Kd5 55. Rh5+ Kd6 {[%emt 0:00:05] Weighted Error Value: White=0.08 (flawless) /Black=0.08 (flawless)} 1/2-1/2

[Event "Icelandic Chess-ch 2023"]
[Site "Hafnarfjordur"]
[Date "2023.05.18"]
[Round "4.4"]
[White "Danielsen, Henrik"]
[Black "Heimisson, Hilmir Freyr"]
[Result "0-1"]
[ECO "A09"]
[WhiteElo "2501"]
[BlackElo "2353"]
[Annotator "TA"]
[PlyCount "82"]
[EventDate "2023.05.13"]
[EventType "tourn"]
[EventCountry "ISL"]
[SourceTitle "playchess.com"]
[Source "ChessBase"]
[SourceQuality "1"]
[TimeControl "40/5400+30:1800+30"]

1. g3 d5 2. Bg2 Nf6 3. Nf3 e6 4. O-O c5 5. c4 d4 6. d3 Nc6 7. e3 {[%emt 0:00:14] A09: Réti Opening: 1 Nf3 d5 2 c4.} h6 8. exd4 cxd4 9. Bf4 {[%emt 0:01:59] White has an edge.} Nd7 10. Re1 Bb4 11. Nbd2 {[%emt 0:01:46] Black should prevent a3.} a5 $1 12. a3 Be7 {[%emt 0:00:53] [#]} 13. Nb3 $146 ({Predecessor:} 13. g4 O-O 14. Rb1 a4 15. h3 Ra5 16. Bg3 Nc5 17. Qe2 Bd6 18. Ne4 Nxe4 19. Qxe4 {½-½ Sjugirov,S (2709)-Iljiushenok,I (2567) RUS-chT Rapid 2022 (3.2)}) 13... g5 14. Be5 Rg8 15. g4 (15. Nbxd4 $2 Ndxe5 16. Nxe5 Nxd4 $19) (15. Bxd4 $14 a4 16. Nbd2) 15... a4 16. Nc1 {[%emt 0:04:38] [#]} (16. Nbxd4 $2 Ndxe5 17. Nxc6 Nxc6 $19) 16... h5 $1 17. h3 (17. gxh5 $2 g4 18. Bg3 gxf3 19. Bxf3 Qb6 $19) (17. Bxd4 $2 hxg4 18. Bc3 gxf3 $19) 17... hxg4 18. hxg4 Ncxe5 19. Nxe5 Bd6 (19... Nxe5 $17 20. Rxe5 Rh8) 20. Nf3 Qf6 ({Black should try} 20... Nf6 $15) 21. Ne2 $11 Ne5 22. Nxe5 Bxe5 23. Ng3 Bxg3 24. fxg3 Rh8 25. Rf1 Qg7 26. Qf3 Ra6 27. c5 {[%emt 0:02:32] Prevents Rb6.} (27. Rae1 $16) 27... Rc6 (27... Qh7 28. Rae1 $16) 28. Rac1 Bd7 29. Rce1 Rc7 {[%emt 0:00:53] aiming for ...Qh7.} 30. Qd5 {[%emt 0:00:51] And now Qd6 would win.} Qh6 {[%emt 0:07:27] White must now prevent ...Bc6.} 31. Qxd4 $2 (31. Qe5 $11 {and White stays safe.} Qh2+ 32. Kf2) 31... Qh2+ $19 ({Inferior is} 31... Bc6 32. Bxc6+ bxc6 33. Re2 $11 (33. Qxa4 $2 Qh2#) (33. Kf2 Rd7 $11)) 32. Kf2 {[%emt 0:00:06] Rh1 is the strong threat.} Bc6 33. Rg1 Rh6 {[%emt 0:03:13] Threatens to win with ...Rd7.} ({Weaker is} 33... Rh3 34. Re3 $11 (34. Qd6 $2 Rd7 $19 {[%mdl 64] Skewer})) 34. Kf1 Rd7 {[%emt 0:02:46][%mdl 64] [#] Skewer, Deflection} 35. Qf2 Rxd3 $40 {[%emt 0:01:45][%mdl 128] Black goes for the king.} 36. Bxc6+ bxc6 37. Rg2 (37. Qxh2 Rxh2 38. Rg2 Rxg2 39. Kxg2) 37... Qh3 {[%emt 0:00:36] Black is clearly winning.} 38. Re3 Rxe3 (38... Qh1+ $142 39. Rg1 Qd5 40. Rxd3 Qxd3+ 41. Kg2 Qd5+ 42. Qf3 Rh2+ {[%mdl 64] Skewer, Deflection} 43. Kxh2 Qxf3) 39. Qxe3 Qxg4 40. Qe5 Qd1+ 41. Kf2 Rh1 {[%emt 0:05:31] Weighted Error Value: White=0.54/Black=0.20 (precise)} (41... Qc2+ $142 42. Kg1 Qc1+ 43. Kf2 Rh1 44. Qb8+ Ke7 45. Qd6+ Kf6 46. Qd8+ Kg7 47. Qd4+ Kg6 48. Qe4+ Kh6) 0-1

[Event "Icelandic Chess-ch 2023"]
[Site "Hafnarfjordur"]
[Date "2023.05.18"]
[Round "4.5"]
[White "Domalchuk-Jonasson, Aleksandr"]
[Black "Stefansson, Hannes"]
[Result "0-1"]
[ECO "E39"]
[WhiteElo "2338"]
[BlackElo "2521"]
[Annotator "TA"]
[PlyCount "80"]
[EventDate "2023.05.13"]
[EventType "tourn"]
[EventCountry "ISL"]
[SourceTitle "playchess.com"]
[Source "ChessBase"]
[SourceQuality "1"]
[TimeControl "40/5400+30:1800+30"]

1. d4 Nf6 2. c4 e6 3. Nc3 Bb4 4. Qc2 c5 5. dxc5 O-O 6. a3 Bxc5 7. Nf3 b6 8. Bg5 Bb7 9. e3 h6 10. Bh4 {[%emt 0:00:52] E39: Nimzo-Indian: Classical: 4...c5 5 dxc5 0-0.} Be7 11. Be2 d6 12. O-O {[%emt 0:01:10] White has an edge.} Nbd7 13. Rfd1 Qc7 14. h3 a6 15. Rac1 Rac8 16. Bg3 Rfd8 17. Nd2 Qb8 18. Qb1 Qa8 {[%emt 0:04:08] [#]} 19. Bf3 $146 ({Predecessor:} 19. Bf1 d5 20. b4 dxc4 21. Nxc4 Nd5 22. Ne2 N5f6 23. Bd6 Bxd6 24. Nxd6 Rxc1 25. Rxc1 {1-0 Maiorov,N (2554)-Stella,A (2456) Livigno op-A 3rd 2012 (5)}) 19... Bxf3 20. Nxf3 Nf8 21. Nd2 Qb7 22. Qd3 Ng6 23. Qe2 h5 24. Bh2 h4 25. Nf3 Qc6 26. Na2 Ne4 27. Nd4 Qb7 28. Nc3 Nxc3 29. Rxc3 d5 30. Rdc1 e5 31. Nf5 Bf6 32. cxd5 {[%emt 0:00:41] [#] Strongly threatening Rc6.} Rxc3 33. bxc3 {[%emt 0:00:46] Hoping for e4.} Qxd5 34. e4 Qa5 35. Qb2 (35. Rb1 $17) 35... Bg5 $19 36. Rb1 Qa4 $40 {[%emt 0:01:29][%mdl 128] Prevents c4. ( -> ...Rd1+). Black attacks with force.} 37. Ne3 {[%emt 0:01:34] Repels Rd1+. White is weak on the dark squares} (37. Qe2 {is a better defense.}) 37... Bxe3 ({Stronger than} 37... Qxe4 38. Qxb6 Rd3 39. Ng4 $17) 38. fxe3 Qxe4 39. Qxb6 $2 (39. Kh1) 39... Rd2 40. Qb7 {[%emt 0:00:03] [#]} Rd1+ $3 {[%emt 0:00:18][%mdl 576] Deflection.   Weighted Error Value: White=0.33/Black=0.03 (flawless)} 0-1